[ AOE2 MATCH · #493729704 ]
UnrankedBurgundians vs Vietnamese
[ REPLAY ANALYSIS · EXTRACTED FROM THE RECORDED GAME ]
Feudal
12:37
Castle
17:19
Imperial
38:50
| APM avg | 19.3 |
| APM peak | 39 |
| eAPM avg | 13.7 |
| Villagers / military | 137 / 141 |
Focus
⚔️ 34.2% · 🌾 65.8%
Knight ×137 · Mangonel ×2 · Monk ×1 · Scout Cavalry ×1
Feudal
10:08
Castle
23:47
Imperial
37:07
| APM avg | 59.0 |
| APM peak | 111 |
| eAPM avg | 25.4 |
| Villagers / military | 161 / 291 |
Focus
⚔️ 43.5% · 🌾 56.5%
Archer ×213 · Rattan Archer ×65 · Skirmisher ×10 · Trebuchet (Packed) ×3
Feudal
10:03
Castle
22:44
Imperial
40:03
| APM avg | 21.0 |
| APM peak | 39 |
| eAPM avg | 12.2 |
| Villagers / military | 101 / 246 |
Focus
⚔️ 39.3% · 🌾 60.7%
Archer ×143 · Spearman ×72 · Skirmisher ×30 · Trebuchet (Packed) ×1
Feudal
9:27
Castle
22:58
Imperial
39:34
| APM avg | 40.5 |
| APM peak | 81 |
| eAPM avg | 20.9 |
| Villagers / military | 149 / 351 |
Focus
⚔️ 46.5% · 🌾 53.5%
Archer ×199 · Skirmisher ×114 · Spearman ×31 · Trebuchet (Packed) ×7
Feudal
10:04
Castle
24:19
Imperial
52:27
| APM avg | 24.8 |
| APM peak | 62 |
| eAPM avg | 10.6 |
| Villagers / military | 93 / 57 |
Focus
⚔️ 33.2% · 🌾 66.8%
Knight ×45 · Scout Cavalry ×9 · Camel Scout ×3
Feudal
11:23
Castle
15:41
Imperial
35:05
| APM avg | 34.3 |
| APM peak | 86 |
| eAPM avg | 13.8 |
| Villagers / military | 129 / 177 |
Focus
⚔️ 38.4% · 🌾 61.6%
Knight ×169 · Trebuchet (Packed) ×4 · Monk ×2 · Scout Cavalry ×2
Feudal
9:16
Castle
26:24
Imperial
42:46
| APM avg | 38.1 |
| APM peak | 85 |
| eAPM avg | 20.1 |
| Villagers / military | 172 / 305 |
Focus
⚔️ 33.8% · 🌾 66.2%
Scout Cavalry ×157 · Knight ×133 · Hand Cannoneer ×6 · Monk ×4 · Trebuchet (Packed) ×4 · Archer ×1
Feudal
9:10
Castle
22:10
Imperial
37:31
| APM avg | 40.7 |
| APM peak | 101 |
| eAPM avg | 20.4 |
| Villagers / military | 176 / 446 |
Focus
⚔️ 46.0% · 🌾 54.0%
Archer ×313 · Spearman ×76 · Skirmisher ×39 · Trebuchet (Packed) ×7 · Eagle Scout ×5 · Plumed Archer ×4
Match map
Initial resources + every placement click. Lines = walls · curves = elevation contours. ◆ gold · ⬟ stone · ● berries · ✦ relic · ◌ wall gap
Your base· ✓ Closed at 17:19 · 48t walls · 2 gate(s)
stroemming14's base· Open — 3t gap
PJtheDcoy's base· ✓ Closed at 22:44 · 49t walls · 3 gate(s)
MEX_Angel_Tj's base· Open — 5t gap
Fr4ggi's base· Open — unwalled flank
Burt's base· Open — unwalled flank
jimmil's base· ✓ Closed at 26:24 · 83t walls · 6 gate(s)
Quando's base· ✓ Closed at 22:10 · 50t walls · 1 gate(s)
Smoothed initial terrain · ◌ = detected wall gap · hover for details
Inputs per minute
— Relief - - stroemming14
Build order — Relief
First 150 of 500 actions detected
| 0:02 | Queue | Villager (Male) |
| 0:02 | Queue | Villager (Male) |
| 0:02 | Queue | Villager (Male) |
| 0:05 | Build | House |
| 0:07 | Build | House |
| 0:29 | Queue | Villager (Male) |
| 1:26 | Queue | Villager (Male) |
| 2:00 | Build | Lumber Camp |
| 2:01 | Queue | Villager (Male) |
| 2:22 | Queue | Villager (Male) |
| 2:47 | Queue | Villager (Male) |
| 3:05 | Queue | Villager (Male) |
| 3:38 | Queue | Villager (Male) |
| 4:02 | Queue | Villager (Male) |
| 4:07 | Build | House |
| 4:16 | Build | Mill |
| 4:33 | Queue | Villager (Male) |
| 4:39 | Build | Palisade Wall |
| 4:46 | Build | House |
| 4:50 | Build | Palisade Wall |
| 4:56 | Queue | Villager (Male) |
| 5:13 | Queue | Villager (Male) |
| 5:22 | Build | Palisade Wall |
| 5:51 | Queue | Villager (Male) |
| 5:52 | Queue | Villager (Male) |
| 6:29 | Build | Farm |
| 6:32 | Queue | Villager (Male) |
| 6:58 | Build | Palisade Wall |
| 7:01 | Build | Palisade Gate |
| 7:04 | Queue | Villager (Male) |
| 7:14 | Queue | Villager (Male) |
| 7:15 | Queue | Villager (Male) |
| 7:24 | Build | Farm |
| 7:44 | Build | Lumber Camp |
| 7:47 | Queue | Villager (Male) |
| 7:58 | Build | House |
| 8:08 | Queue | Villager (Male) |
| 8:49 | Build | Palisade Wall |
| 8:51 | Queue | Villager (Male) |
| 8:57 | Queue | Villager (Male) |
| 8:59 | Research | Loom |
| 9:18 | Build | Palisade Wall |
| 9:25 | Build | Palisade Wall |
| 9:30 | Queue | Villager (Male) |
| 9:35 | Research | Feudal Age |
| 9:42 | Build | Mining Camp |
| 9:47 | Build | Mining Camp |
| 9:59 | Build | Palisade Gate |
| 10:37 | Build | Barracks |
| 10:45 | Build | Farm |
| 10:53 | Build | Palisade Wall |
| 10:58 | Build | Farm |
| 11:01 | Build | Farm |
| 11:04 | Build | Farm |
| 11:05 | Build | Farm |
| 11:53 | Build | Farm |
| 12:37 | Age | Feudal Age |
| 12:42 | Build | Stable |
| 13:07 | Build | Blacksmith |
| 13:10 | Queue | Villager (Male) |
| 13:10 | Queue | Villager (Male) |
| 13:36 | Build | House |
| 14:27 | Queue | Villager (Male) |
| 14:30 | Build | House |
| 14:37 | Research | Castle Age |
| 14:48 | Research | Double-Bit Axe |
| 15:01 | Build | House |
| 15:09 | Build | Farm |
| 15:13 | Build | Farm |
| 15:21 | Build | Farm |
| 15:54 | Build | House |
| 15:56 | Build | House |
| 16:03 | Research | Bow Saw |
| 16:17 | Research | Scale Barding Armor |
| 16:32 | Research | Horse Collar |
| 16:59 | Build | Stable |
| 17:10 | Build | House |
| 17:12 | Build | House |
| 17:15 | Build | House |
| 17:18 | Queue | Villager (Male) |
| 17:19 | Queue | Villager (Male) |
| 17:19 | Age | Castle Age |
| 17:27 | Queue | Knight |
| 17:37 | Research | Chain Barding Armor |
| 17:41 | Queue | Villager (Male) |
| 17:50 | Build | House |
| 17:55 | Queue | Villager (Male) |
| 18:00 | Queue | Knight |
| 18:07 | Build | Farm |
| 18:21 | Queue | Knight |
| 18:31 | Build | Town Center |
| 18:39 | Queue | Villager (Male) |
| 18:44 | Queue | Knight |
| 19:00 | Queue | Knight |
| 19:04 | Queue | Villager (Male) |
| 19:13 | Queue | Villager (Male) |
| 19:34 | Build | Farm |
| 19:38 | Build | Farm |
| 19:39 | Queue | Villager (Male) |
| 19:42 | Queue | Knight |
| 20:05 | Build | Siege Workshop |
| 20:59 | Queue | Villager (Male) |
| 20:59 | Queue | Villager (Male) |
| 21:15 | Queue | Villager (Male) |
| 21:15 | Queue | Villager (Male) |
| 21:17 | Build | Farm |
| 21:19 | Queue | Mangonel |
| 21:24 | Build | House |
| 21:28 | Build | Farm |
| 21:30 | Queue | Villager (Male) |
| 21:39 | Queue | Villager (Male) |
| 21:48 | Research | Cavalier (upgrade) |
| 22:08 | Build | Palisade Wall |
| 22:09 | Queue | Villager (Male) |
| 22:10 | Queue | Villager (Male) |
| 22:20 | Queue | Villager (Male) |
| 22:35 | Build | Town Center |
| 22:37 | Queue | Villager (Male) |
| 22:37 | Queue | Villager (Male) |
| 22:47 | Build | Farm |
| 22:58 | Build | Farm |
| 22:59 | Queue | Villager (Male) |
| 22:59 | Queue | Villager (Male) |
| 23:10 | Queue | Villager (Male) |
| 23:24 | Queue | Villager (Male) |
| 23:24 | Queue | Villager (Male) |
| 23:39 | Queue | Knight |
| 23:53 | Queue | Knight |
| 24:09 | Queue | Villager (Male) |
| 24:10 | Queue | Villager (Male) |
| 24:29 | Build | Farm |
| 24:32 | Build | Farm |
| 24:37 | Build | Farm |
| 24:40 | Build | Farm |
| 24:56 | Research | Padded Archer Armor |
| 24:59 | Research | Forging |
| 25:02 | Research | Husbandry |
| 25:19 | Queue | Knight |
| 25:20 | Queue | Knight |
| 25:45 | Build | House |
| 25:48 | Build | House |
| 25:51 | Queue | Villager (Male) |
| 25:52 | Research | Wheelbarrow |
| 26:00 | Queue | Knight |
| 26:00 | Queue | Knight |
| 26:01 | Queue | Knight |
| 26:16 | Queue | Scout Cavalry |
| 26:24 | Queue | Villager (Male) |
| 26:25 | Queue | Knight |
| 26:45 | Build | Market |
Build order — stroemming14
First 150 of 639 actions detected
| 0:00 | Queue | Villager (Male) |
| 0:01 | Queue | Villager (Male) |
| 0:01 | Queue | Villager (Male) |
| 0:02 | Build | House |
| 0:03 | Build | House |
| 0:12 | Queue | Villager (Male) |
| 1:26 | Queue | Villager (Male) |
| 1:45 | Build | House |
| 2:01 | Queue | Villager (Male) |
| 2:33 | Build | Lumber Camp |
| 2:35 | Queue | Villager (Male) |
| 2:58 | Queue | Villager (Male) |
| 3:11 | Queue | Villager (Male) |
| 3:48 | Queue | Villager (Male) |
| 3:52 | Queue | Villager (Male) |
| 4:18 | Build | House |
| 4:38 | Queue | Villager (Male) |
| 4:52 | Queue | Villager (Male) |
| 5:27 | Queue | Villager (Male) |
| 5:34 | Queue | Villager (Male) |
| 5:34 | Research | Loom |
| 6:54 | Queue | Villager (Male) |
| 6:58 | Build | Barracks |
| 7:16 | Queue | Villager (Male) |
| 7:30 | Build | Mining Camp |
| 7:56 | Build | Lumber Camp |
| 7:57 | Research | Feudal Age |
| 7:57 | Research | Feudal Age |
| 8:12 | Build | House |
| 8:26 | Build | House |
| 8:55 | Build | Palisade Wall |
| 9:19 | Build | House |
| 9:36 | Build | House |
| 10:05 | Queue | Villager (Male) |
| 10:08 | Age | Feudal Age |
| 10:10 | Build | Archery Range |
| 10:17 | Build | Archery Range |
| 10:22 | Research | Double-Bit Axe |
| 10:22 | Research | Double-Bit Axe |
| 10:26 | Queue | Villager (Male) |
| 10:44 | Build | House |
| 10:56 | Queue | Villager (Male) |
| 10:59 | Queue | Villager (Male) |
| 11:10 | Build | Blacksmith |
| 11:13 | Queue | Archer |
| 11:13 | Queue | Archer |
| 11:16 | Queue | Archer |
| 11:37 | Queue | Archer |
| 11:37 | Queue | Archer |
| 11:42 | Build | House |
| 11:48 | Queue | Villager (Male) |
| 12:00 | Build | House |
| 12:02 | Build | House |
| 12:19 | Queue | Archer |
| 12:19 | Queue | Archer |
| 12:33 | Build | Mill |
| 12:36 | Queue | Villager (Male) |
| 12:43 | Queue | Archer |
| 12:44 | Queue | Archer |
| 12:48 | Queue | Archer |
| 13:04 | Build | Farm |
| 13:07 | Queue | Archer |
| 13:12 | Build | Farm |
| 13:18 | Queue | Archer |
| 13:36 | Build | House |
| 13:39 | Build | Farm |
| 13:43 | Queue | Villager (Male) |
| 13:46 | Build | Farm |
| 13:50 | Queue | Archer |
| 14:08 | Build | House |
| 14:09 | Build | House |
| 14:11 | Build | Palisade Wall |
| 14:14 | Queue | Archer |
| 14:19 | Queue | Villager (Male) |
| 14:22 | Queue | Archer |
| 14:44 | Build | Farm |
| 14:49 | Queue | Villager (Male) |
| 14:50 | Queue | Archer |
| 14:50 | Queue | Archer |
| 15:03 | Queue | Archer |
| 15:03 | Queue | Archer |
| 15:11 | Build | Farm |
| 15:24 | Queue | Villager (Male) |
| 15:27 | Build | House |
| 15:28 | Build | Palisade Wall |
| 15:30 | Queue | Villager (Male) |
| 15:31 | Queue | Archer |
| 15:31 | Queue | Archer |
| 15:41 | Queue | Archer |
| 15:50 | Queue | Villager (Male) |
| 15:55 | Build | Farm |
| 15:57 | Build | Farm |
| 16:01 | Queue | Archer |
| 16:11 | Queue | Archer |
| 16:17 | Queue | Villager (Male) |
| 16:22 | Queue | Villager (Male) |
| 16:46 | Queue | Archer |
| 16:46 | Queue | Archer |
| 16:50 | Queue | Archer |
| 16:50 | Queue | Archer |
| 16:52 | Queue | Villager (Male) |
| 16:53 | Queue | Villager (Male) |
| 16:58 | Build | Farm |
| 17:09 | Build | Farm |
| 17:10 | Queue | Villager (Male) |
| 17:20 | Research | Fletching |
| 17:20 | Research | Fletching |
| 17:21 | Queue | Villager (Male) |
| 17:36 | Build | Farm |
| 17:36 | Queue | Villager (Male) |
| 17:42 | Build | Farm |
| 17:46 | Queue | Archer |
| 17:46 | Queue | Archer |
| 17:50 | Queue | Villager (Male) |
| 18:02 | Queue | Villager (Male) |
| 18:05 | Queue | Archer |
| 18:35 | Queue | Archer |
| 18:35 | Queue | Archer |
| 18:36 | Queue | Villager (Male) |
| 18:38 | Build | Farm |
| 18:39 | Queue | Villager (Male) |
| 18:47 | Queue | Archer |
| 18:59 | Queue | Villager (Male) |
| 19:01 | Build | Farm |
| 19:02 | Queue | Villager (Male) |
| 19:12 | Queue | Archer |
| 19:14 | Queue | Villager (Male) |
| 19:17 | Build | Farm |
| 19:27 | Queue | Villager (Male) |
| 19:42 | Queue | Archer |
| 19:42 | Queue | Archer |
| 19:55 | Queue | Archer |
| 19:55 | Queue | Archer |
| 19:57 | Queue | Villager (Male) |
| 19:59 | Build | Farm |
| 20:09 | Queue | Archer |
| 20:09 | Queue | Archer |
| 20:15 | Build | Farm |
| 20:23 | Queue | Villager (Male) |
| 20:42 | Research | Gold Mining |
| 21:07 | Research | Castle Age |
| 21:08 | Research | Castle Age |
| 21:12 | Research | Horse Collar |
| 21:23 | Queue | Villager (Male) |
| 21:31 | Research | Gold Mining |
| 21:37 | Build | House |
| 21:38 | Queue | Archer |
| 21:38 | Queue | Archer |
| 21:46 | Queue | Archer |
| 21:47 | Queue | Archer |
Build order — PJtheDcoy
First 150 of 333 actions detected
| 0:01 | Queue | Villager (Male) |
| 0:01 | Queue | Villager (Male) |
| 0:01 | Queue | Villager (Male) |
| 0:02 | Queue | Villager (Male) |
| 0:03 | Build | House |
| 0:05 | Build | House |
| 1:25 | Queue | Villager (Male) |
| 1:57 | Build | Lumber Camp |
| 2:00 | Queue | Villager (Male) |
| 2:18 | Queue | Villager (Male) |
| 2:49 | Queue | Villager (Male) |
| 3:06 | Build | House |
| 3:10 | Queue | Villager (Male) |
| 3:47 | Queue | Villager (Male) |
| 4:02 | Queue | Villager (Male) |
| 4:23 | Queue | Villager (Male) |
| 4:40 | Queue | Villager (Male) |
| 5:05 | Queue | Villager (Male) |
| 5:32 | Build | Mill |
| 5:35 | Queue | Villager (Male) |
| 5:35 | Queue | Villager (Male) |
| 5:35 | Queue | Villager (Male) |
| 5:57 | Build | House |
| 7:11 | Build | Mining Camp |
| 7:23 | Build | House |
| 7:28 | Research | Loom |
| 7:51 | Research | Feudal Age |
| 8:10 | Build | House |
| 8:15 | Build | Palisade Gate |
| 8:17 | Build | Palisade Wall |
| 8:22 | Build | Barracks |
| 8:46 | Build | Palisade Gate |
| 8:49 | Build | Palisade Wall |
| 8:56 | Queue | Villager (Male) |
| 8:56 | Queue | Villager (Male) |
| 9:11 | Build | Palisade Wall |
| 10:03 | Age | Feudal Age |
| 10:06 | Build | Archery Range |
| 10:13 | Research | Double-Bit Axe |
| 10:46 | Queue | Villager (Male) |
| 10:46 | Queue | Villager (Male) |
| 11:04 | Build | Blacksmith |
| 11:08 | Queue | Archer |
| 11:08 | Queue | Archer |
| 11:28 | Queue | Villager (Male) |
| 11:28 | Queue | Villager (Male) |
| 11:55 | Build | Archery Range |
| 12:10 | Build | Farm |
| 12:12 | Queue | Villager (Male) |
| 12:12 | Queue | Villager (Male) |
| 12:16 | Queue | Archer |
| 12:16 | Queue | Archer |
| 12:30 | Build | Palisade Wall |
| 12:36 | Build | Farm |
| 12:45 | Build | Palisade Wall |
| 13:05 | Build | Farm |
| 13:07 | Queue | Villager (Male) |
| 13:07 | Queue | Villager (Male) |
| 13:12 | Research | Fletching |
| 13:18 | Research | Padded Archer Armor |
| 13:22 | Queue | Archer |
| 13:22 | Queue | Archer |
| 13:24 | Queue | Archer |
| 13:37 | Build | House |
| 13:51 | Build | Farm |
| 14:08 | Build | House |
| 14:11 | Build | House |
| 14:25 | Build | Palisade Wall |
| 14:35 | Queue | Villager (Male) |
| 14:35 | Queue | Villager (Male) |
| 14:48 | Queue | Archer |
| 14:48 | Queue | Archer |
| 14:55 | Build | Palisade Wall |
| 15:20 | Build | Farm |
| 15:25 | Research | Horse Collar |
| 15:29 | Build | Farm |
| 15:29 | Build | Farm |
| 15:31 | Build | Farm |
| 15:32 | Build | Farm |
| 15:32 | Build | Farm |
| 15:33 | Build | Farm |
| 15:40 | Queue | Archer |
| 15:40 | Queue | Archer |
| 15:50 | Queue | Spearman |
| 15:51 | Queue | Spearman |
| 15:56 | Build | Farm |
| 16:16 | Build | House |
| 16:41 | Queue | Archer |
| 16:41 | Queue | Archer |
| 17:09 | Queue | Archer |
| 17:09 | Queue | Archer |
| 17:13 | Build | Farm |
| 17:17 | Queue | Villager (Male) |
| 17:18 | Queue | Villager (Male) |
| 17:22 | Build | House |
| 17:23 | Build | House |
| 17:52 | Build | Farm |
| 17:56 | Queue | Villager (Male) |
| 18:23 | Build | Palisade Gate |
| 18:26 | Build | House |
| 18:27 | Build | House |
| 18:32 | Queue | Archer |
| 18:32 | Queue | Archer |
| 18:35 | Queue | Spearman |
| 18:35 | Queue | Spearman |
| 19:05 | Build | Farm |
| 19:06 | Build | Farm |
| 19:19 | Queue | Archer |
| 19:20 | Queue | Archer |
| 19:39 | Build | House |
| 20:04 | Research | Castle Age |
| 20:14 | Build | House |
| 20:15 | Build | House |
| 20:58 | Queue | Archer |
| 20:58 | Queue | Archer |
| 20:59 | Queue | Archer |
| 20:59 | Queue | Archer |
| 21:01 | Queue | Villager (Male) |
| 21:05 | Research | Wheelbarrow |
| 21:15 | Build | Palisade Gate |
| 21:16 | Build | House |
| 21:27 | Build | Farm |
| 21:54 | Research | Gold Mining |
| 22:03 | Queue | Archer |
| 22:03 | Queue | Archer |
| 22:09 | Build | Archery Range |
| 22:44 | Age | Castle Age |
| 22:51 | Build | Town Center |
| 22:56 | Queue | Villager (Male) |
| 22:56 | Queue | Villager (Male) |
| 23:13 | Build | Town Center |
| 23:14 | Research | Bodkin Arrow |
| 23:16 | Research | Crossbowman (upgrade) |
| 23:45 | Build | Farm |
| 23:58 | Research | Leather Archer Armor |
| 24:01 | Research | Squires |
| 24:05 | Queue | Archer |
| 24:05 | Queue | Archer |
| 24:05 | Queue | Archer |
| 24:06 | Queue | Archer |
| 24:06 | Queue | Archer |
| 24:10 | Queue | Archer |
| 24:31 | Build | Farm |
| 24:35 | Queue | Villager (Male) ×5 |
| 24:50 | Research | Stone Mining |
| 25:15 | Queue | Spearman |
| 25:16 | Queue | Spearman |
| 25:40 | Queue | Spearman |
| 25:40 | Queue | Spearman |
| 25:42 | Queue | Archer |
Build order — MEX_Angel_Tj
First 150 of 654 actions detected
| 0:02 | Queue | Villager (Male) |
| 0:02 | Queue | Villager (Male) |
| 0:02 | Queue | Villager (Male) |
| 0:05 | Build | House |
| 0:09 | Build | House |
| 0:12 | Build | House |
| 0:51 | Build | House |
| 0:56 | Queue | Villager (Male) |
| 1:25 | Queue | Villager (Male) |
| 1:25 | Queue | Villager (Male) |
| 1:25 | Queue | Villager (Male) |
| 1:56 | Build | Lumber Camp |
| 2:01 | Queue | Villager (Male) |
| 2:01 | Queue | Villager (Male) |
| 2:15 | Queue | Villager (Male) |
| 2:15 | Queue | Villager (Male) |
| 2:44 | Queue | Villager (Male) |
| 2:44 | Queue | Villager (Male) |
| 3:03 | Queue | Villager (Male) |
| 3:23 | Queue | Villager (Male) |
| 3:23 | Queue | Villager (Male) |
| 3:33 | Queue | Villager (Male) |
| 3:33 | Queue | Villager (Male) |
| 4:14 | Queue | Villager (Male) |
| 4:14 | Queue | Villager (Male) |
| 4:23 | Build | Mill |
| 4:32 | Queue | Villager (Male) |
| 4:32 | Queue | Villager (Male) |
| 4:52 | Queue | Villager (Male) |
| 5:34 | Queue | Villager (Male) |
| 6:04 | Queue | Villager (Male) |
| 6:08 | Research | Loom |
| 6:32 | Build | Mining Camp |
| 7:17 | Research | Feudal Age |
| 7:17 | Research | Feudal Age |
| 7:30 | Build | Barracks |
| 8:29 | Build | House |
| 8:42 | Queue | Villager (Male) |
| 8:43 | Queue | Villager (Male) |
| 9:27 | Age | Feudal Age |
| 9:33 | Build | Archery Range |
| 9:38 | Research | Double-Bit Axe |
| 9:54 | Build | House |
| 9:58 | Build | Palisade Wall |
| 10:01 | Queue | Villager (Male) |
| 10:19 | Queue | Villager (Male) |
| 10:29 | Build | Archery Range |
| 10:48 | Queue | Villager (Male) |
| 10:54 | Queue | Archer |
| 10:54 | Queue | Archer |
| 11:10 | Queue | Villager (Male) |
| 11:18 | Build | House |
| 11:24 | Queue | Archer |
| 11:25 | Queue | Archer |
| 11:25 | Queue | Archer |
| 11:25 | Queue | Archer |
| 11:39 | Queue | Villager (Male) |
| 12:04 | Build | House |
| 12:09 | Build | Blacksmith |
| 12:13 | Queue | Villager (Male) |
| 12:21 | Queue | Archer |
| 12:21 | Queue | Archer |
| 12:21 | Queue | Archer |
| 12:29 | Build | Palisade Wall |
| 12:42 | Queue | Villager (Male) |
| 12:49 | Build | Palisade Wall |
| 12:57 | Research | Fletching |
| 13:00 | Queue | Villager (Male) |
| 13:01 | Queue | Archer |
| 13:02 | Queue | Archer |
| 13:04 | Queue | Archer |
| 13:08 | Build | Farm |
| 14:00 | Queue | Villager (Male) |
| 14:02 | Queue | Archer |
| 14:08 | Research | Padded Archer Armor |
| 14:12 | Build | House |
| 14:53 | Queue | Villager (Male) |
| 14:55 | Queue | Archer |
| 14:56 | Queue | Archer |
| 14:56 | Queue | Archer |
| 14:57 | Queue | Archer |
| 14:57 | Queue | Archer |
| 15:05 | Build | Farm |
| 15:06 | Build | Farm |
| 15:07 | Build | Farm |
| 15:08 | Build | Farm |
| 15:16 | Build | House |
| 15:16 | Build | House |
| 15:35 | Build | Farm |
| 15:36 | Build | Farm |
| 15:37 | Build | Farm |
| 15:41 | Build | Farm |
| 15:43 | Queue | Villager (Male) |
| 15:45 | Queue | Archer |
| 15:46 | Queue | Archer |
| 15:46 | Queue | Archer |
| 16:24 | Build | House |
| 16:29 | Build | House |
| 16:32 | Queue | Villager (Male) |
| 16:33 | Queue | Archer |
| 16:33 | Queue | Archer |
| 16:43 | Build | Palisade Wall |
| 16:46 | Queue | Archer |
| 16:47 | Queue | Archer |
| 16:48 | Queue | Villager (Male) |
| 17:15 | Queue | Archer |
| 17:16 | Queue | Villager (Male) |
| 17:21 | Build | Farm |
| 17:22 | Build | Farm |
| 17:23 | Build | Farm |
| 17:32 | Build | Palisade Wall |
| 17:34 | Build | Palisade Wall |
| 18:44 | Queue | Villager (Male) |
| 18:45 | Queue | Archer |
| 18:46 | Queue | Archer |
| 18:46 | Queue | Archer |
| 18:51 | Build | Farm |
| 18:52 | Build | Farm |
| 18:53 | Build | Farm |
| 18:55 | Queue | Villager (Male) |
| 19:55 | Queue | Villager (Male) |
| 20:00 | Queue | Archer |
| 20:00 | Queue | Archer |
| 20:01 | Queue | Archer |
| 20:05 | Build | Farm |
| 20:12 | Build | Farm |
| 20:18 | Research | Castle Age |
| 20:18 | Research | Castle Age |
| 20:20 | Queue | Archer |
| 20:20 | Queue | Archer |
| 20:26 | Build | House |
| 20:48 | Build | Archery Range |
| 20:53 | Research | Gold Mining |
| 20:59 | Build | House |
| 21:02 | Build | House |
| 21:45 | Research | Horse Collar |
| 21:51 | Build | Palisade Wall |
| 21:53 | Queue | Archer |
| 21:54 | Queue | Archer |
| 21:54 | Queue | Archer |
| 21:55 | Queue | Archer |
| 21:56 | Queue | Archer |
| 21:58 | Queue | Archer |
| 22:22 | Research | Wheelbarrow |
| 22:39 | Build | Farm |
| 22:45 | Queue | Archer |
| 22:58 | Age | Castle Age |
| 23:05 | Research | Crossbowman (upgrade) |
| 23:07 | Research | Bodkin Arrow |
| 23:07 | Research | Bodkin Arrow |
Build order — Fr4ggi
First 150 of 278 actions detected
| 0:01 | Queue | Villager (Male) |
| 0:01 | Queue | Villager (Male) |
| 0:06 | Build | House |
| 0:10 | Build | House |
| 0:14 | Queue | Villager (Male) |
| 0:39 | Queue | Villager (Male) |
| 1:20 | Queue | Villager (Male) |
| 1:49 | Build | Lumber Camp |
| 1:51 | Queue | Villager (Male) |
| 2:09 | Queue | Villager (Male) |
| 2:58 | Queue | Villager (Male) |
| 2:58 | Queue | Villager (Male) |
| 3:19 | Queue | Villager (Male) |
| 3:47 | Build | House |
| 4:14 | Queue | Villager (Male) |
| 4:29 | Build | Mill |
| 4:30 | Queue | Villager (Male) |
| 5:02 | Queue | Villager (Male) |
| 5:15 | Queue | Villager (Male) |
| 5:40 | Queue | Villager (Male) |
| 5:52 | Queue | Villager (Male) |
| 5:58 | Queue | Villager (Male) |
| 6:02 | Build | House |
| 6:08 | Queue | Villager (Male) |
| 6:24 | Queue | Villager (Male) |
| 7:20 | Build | Farm |
| 7:23 | Build | Farm |
| 7:45 | Build | Mining Camp |
| 8:00 | Research | Feudal Age |
| 9:04 | Build | Barracks |
| 9:09 | Queue | Villager (Male) |
| 10:04 | Age | Feudal Age |
| 10:12 | Build | Stable |
| 10:26 | Queue | Villager (Male) |
| 10:55 | Queue | Villager (Male) |
| 10:59 | Build | Farm |
| 11:43 | Build | Mill |
| 11:46 | Queue | Villager (Male) |
| 11:52 | Build | House |
| 12:00 | Research | Bloodlines |
| 12:01 | Queue | Scout Cavalry |
| 12:19 | Build | Farm |
| 12:28 | Queue | Scout Cavalry |
| 12:49 | Queue | Villager (Male) |
| 12:54 | Queue | Scout Cavalry |
| 13:09 | Build | House |
| 13:17 | Build | Farm |
| 13:19 | Queue | Villager (Male) |
| 13:28 | Queue | Scout Cavalry |
| 13:29 | Queue | Scout Cavalry |
| 13:34 | Queue | Villager (Male) |
| 13:47 | Build | Farm |
| 13:49 | Queue | Villager (Male) |
| 14:08 | Research | Horse Collar |
| 14:12 | Build | Farm |
| 14:40 | Build | Lumber Camp |
| 14:44 | Build | Farm |
| 14:44 | Build | Farm |
| 14:55 | Queue | Villager (Male) |
| 14:56 | Research | Wheelbarrow |
| 15:35 | Build | Farm |
| 15:37 | Queue | Villager (Male) |
| 15:45 | Queue | Scout Cavalry |
| 15:45 | Queue | Scout Cavalry |
| 15:54 | Build | House |
| 15:59 | Build | House |
| 16:33 | Queue | Villager (Male) |
| 17:19 | Build | Farm |
| 17:41 | Queue | Scout Cavalry |
| 17:41 | Queue | Scout Cavalry |
| 18:46 | Build | Blacksmith |
| 18:47 | Build | House |
| 19:06 | Queue | Villager (Male) |
| 19:29 | Queue | Villager (Male) |
| 19:38 | Build | Farm |
| 19:47 | Queue | Villager (Male) |
| 19:57 | Research | Double-Bit Axe |
| 20:08 | Build | Farm |
| 20:14 | Queue | Villager (Male) |
| 20:26 | Build | Farm |
| 20:26 | Build | Farm |
| 20:55 | Research | Gold Mining |
| 21:47 | Build | House |
| 21:48 | Build | House |
| 21:54 | Research | Castle Age |
| 21:57 | Build | Farm |
| 22:23 | Research | Forging |
| 22:32 | Research | Scale Barding Armor |
| 24:19 | Age | Castle Age |
| 24:24 | Queue | Knight |
| 24:24 | Queue | Knight |
| 25:16 | Queue | Knight |
| 25:48 | Queue | Knight |
| 26:08 | Queue | Knight |
| 26:13 | Queue | Villager (Male) |
| 26:14 | Queue | Villager (Male) |
| 26:34 | Queue | Knight |
| 26:39 | Queue | Villager (Male) |
| 26:56 | Build | Farm |
| 26:58 | Queue | Villager (Male) |
| 27:19 | Research | Husbandry |
| 27:43 | Queue | Knight |
| 28:07 | Queue | Camel Scout |
| 28:42 | Build | Farm |
| 28:47 | Queue | Villager (Male) |
| 28:48 | Queue | Villager (Male) |
| 28:49 | Research | Hand Cart |
| 29:31 | Build | Farm |
| 29:32 | Queue | Villager (Male) |
| 30:00 | Queue | Knight |
| 30:01 | Queue | Knight |
| 30:09 | Build | Farm |
| 30:10 | Queue | Villager (Male) |
| 30:29 | Build | Town Center |
| 30:35 | Queue | Villager (Male) |
| 30:35 | Queue | Villager (Male) |
| 30:40 | Research | Bow Saw |
| 30:43 | Research | Heavy Plow |
| 30:49 | Queue | Knight |
| 31:59 | Queue | Knight |
| 31:59 | Queue | Knight |
| 32:22 | Queue | Villager (Male) |
| 32:22 | Queue | Villager (Male) |
| 32:49 | Queue | Camel Scout |
| 33:03 | Build | Farm |
| 33:05 | Build | Farm |
| 33:07 | Queue | Villager (Male) |
| 33:07 | Queue | Villager (Male) |
| 33:10 | Build | Farm |
| 33:14 | Queue | Villager (Male) |
| 33:14 | Queue | Villager (Male) |
| 33:31 | Research | Chain Barding Armor |
| 33:34 | Queue | Camel Scout |
| 33:47 | Queue | Villager (Male) |
| 34:00 | Queue | Knight |
| 34:00 | Queue | Knight |
| 34:23 | Queue | Villager (Male) |
| 34:23 | Queue | Villager (Male) |
| 37:06 | Build | Stable |
| 37:13 | Build | House |
| 37:14 | Build | House |
| 37:26 | Build | House |
| 37:27 | Build | House |
| 37:28 | Build | House |
| 37:29 | Build | House |
| 37:32 | Build | House |
| 37:43 | Queue | Villager (Male) |
| 37:44 | Queue | Villager (Male) |
| 37:48 | Queue | Villager (Male) |
| 37:48 | Queue | Villager (Male) |
Build order — Burt
First 150 of 435 actions detected
| 0:01 | Queue | Villager (Male) |
| 0:02 | Queue | Villager (Male) |
| 0:03 | Build | House |
| 0:05 | Build | House |
| 0:40 | Queue | Villager (Male) |
| 0:40 | Queue | Villager (Male) |
| 0:41 | Queue | Villager (Male) |
| 1:28 | Queue | Villager (Male) |
| 1:46 | Build | Lumber Camp |
| 2:02 | Queue | Villager (Male) |
| 2:02 | Queue | Villager (Male) |
| 2:33 | Queue | Villager (Male) |
| 2:40 | Research | Loom |
| 2:55 | Queue | Villager (Male) |
| 3:22 | Queue | Villager (Male) |
| 3:55 | Queue | Villager (Male) |
| 3:56 | Queue | Villager (Male) |
| 3:56 | Queue | Villager (Male) |
| 4:18 | Build | House |
| 4:20 | Build | House |
| 4:21 | Build | House |
| 5:09 | Build | Mill |
| 5:27 | Queue | Villager (Male) |
| 5:28 | Queue | Villager (Male) |
| 6:07 | Queue | Villager (Male) |
| 6:08 | Queue | Villager (Male) |
| 6:08 | Queue | Villager (Male) |
| 6:29 | Queue | Villager (Male) |
| 6:30 | Queue | Villager (Male) |
| 7:17 | Queue | Villager (Male) |
| 8:35 | Build | Mining Camp |
| 8:41 | Queue | Villager (Male) |
| 9:12 | Research | Feudal Age |
| 9:20 | Build | Barracks |
| 11:19 | Queue | Villager (Male) |
| 11:19 | Queue | Villager (Male) |
| 11:20 | Queue | Villager (Male) |
| 11:23 | Age | Feudal Age |
| 11:27 | Build | Stable |
| 11:45 | Build | Blacksmith |
| 11:54 | Build | Farm |
| 12:00 | Build | Farm |
| 12:31 | Build | Farm |
| 12:46 | Queue | Scout Cavalry |
| 12:53 | Build | Farm |
| 13:01 | Research | Castle Age |
| 13:21 | Build | Farm |
| 13:39 | Build | House |
| 13:40 | Build | House |
| 13:48 | Research | Double-Bit Axe |
| 14:08 | Build | Farm |
| 14:09 | Build | Farm |
| 14:12 | Build | Farm |
| 14:15 | Build | Farm |
| 15:22 | Queue | Villager (Male) |
| 15:22 | Queue | Villager (Male) |
| 15:41 | Age | Castle Age |
| 15:53 | Queue | Knight |
| 15:56 | Queue | Knight |
| 15:59 | Queue | Villager (Male) |
| 16:00 | Queue | Villager (Male) |
| 16:05 | Build | Town Center |
| 16:13 | Queue | Knight |
| 16:33 | Queue | Villager (Male) |
| 16:39 | Build | Farm |
| 16:44 | Queue | Villager (Male) |
| 17:07 | Queue | Knight |
| 17:12 | Build | Farm |
| 17:30 | Build | Town Center |
| 17:34 | Queue | Villager (Male) |
| 17:35 | Queue | Villager (Male) |
| 17:37 | Build | Farm |
| 17:40 | Build | Farm |
| 17:43 | Queue | Villager (Male) |
| 18:03 | Queue | Knight |
| 18:41 | Research | Scale Barding Armor |
| 18:49 | Build | Farm |
| 18:50 | Build | Farm |
| 19:09 | Queue | Knight |
| 19:10 | Queue | Knight |
| 19:18 | Queue | Villager (Male) |
| 19:25 | Build | Farm |
| 19:27 | Build | Farm |
| 19:28 | Build | Farm |
| 19:30 | Queue | Villager (Male) |
| 19:30 | Queue | Villager (Male) |
| 20:00 | Queue | Knight |
| 20:00 | Queue | Villager (Male) |
| 20:04 | Build | Farm |
| 20:14 | Queue | Knight |
| 20:22 | Build | Stable |
| 20:25 | Queue | Villager (Male) |
| 20:25 | Queue | Villager (Male) |
| 20:27 | Build | Farm |
| 21:04 | Research | Chain Barding Armor |
| 21:19 | Queue | Knight |
| 21:23 | Build | House |
| 21:24 | Build | House |
| 21:25 | Build | House |
| 21:29 | Queue | Villager (Male) |
| 21:30 | Queue | Villager (Male) |
| 21:51 | Queue | Knight |
| 21:52 | Queue | Knight |
| 22:04 | Queue | Villager (Male) |
| 22:05 | Queue | Villager (Male) |
| 22:12 | Build | Farm |
| 22:13 | Queue | Villager (Male) |
| 22:18 | Queue | Villager (Male) |
| 22:23 | Queue | Knight |
| 22:45 | Research | Forging |
| 22:50 | Build | Farm |
| 22:52 | Build | Farm |
| 22:54 | Queue | Villager (Male) |
| 23:00 | Build | House |
| 23:01 | Build | House |
| 23:04 | Queue | Villager (Male) |
| 23:11 | Queue | Knight |
| 23:24 | Queue | Knight |
| 23:26 | Queue | Knight |
| 23:45 | Queue | Villager (Male) |
| 23:46 | Queue | Villager (Male) |
| 23:47 | Queue | Villager (Male) |
| 23:51 | Build | Farm |
| 23:55 | Build | Farm |
| 23:56 | Build | Farm |
| 23:57 | Build | Farm |
| 24:01 | Queue | Villager (Male) |
| 24:02 | Queue | Villager (Male) |
| 24:14 | Build | House |
| 24:16 | Build | House |
| 24:17 | Build | House |
| 24:22 | Queue | Knight |
| 24:22 | Queue | Knight |
| 24:42 | Research | Husbandry |
| 24:50 | Queue | Villager (Male) |
| 24:51 | Queue | Villager (Male) |
| 24:54 | Build | Mining Camp |
| 24:58 | Queue | Villager (Male) |
| 25:00 | Queue | Villager (Male) |
| 25:00 | Queue | Villager (Male) |
| 25:45 | Research | Iron Casting |
| 25:46 | Queue | Knight |
| 25:47 | Queue | Knight |
| 25:49 | Queue | Villager (Male) |
| 25:51 | Queue | Villager (Male) |
| 26:09 | Queue | Knight |
| 26:09 | Queue | Knight |
| 26:12 | Queue | Villager (Male) |
| 27:33 | Build | Farm |
| 29:34 | Build | Farm |
Build order — jimmil
First 150 of 573 actions detected
| 0:01 | Queue | Villager (Male) ×5 |
| 0:01 | Queue | Villager (Male) ×5 |
| 0:03 | Build | House |
| 0:04 | Build | House |
| 1:26 | Queue | Villager (Male) |
| 1:52 | Build | Lumber Camp |
| 2:04 | Queue | Villager (Male) |
| 2:05 | Queue | Villager (Male) |
| 2:26 | Queue | Villager (Male) |
| 2:26 | Queue | Villager (Male) |
| 3:07 | Queue | Villager (Male) |
| 3:08 | Queue | Villager (Male) |
| 3:15 | Build | House |
| 3:16 | Build | Palisade Wall |
| 3:41 | Queue | Villager (Male) |
| 3:41 | Queue | Villager (Male) |
| 4:17 | Build | Mill |
| 4:37 | Queue | Villager (Male) |
| 4:38 | Queue | Villager (Male) |
| 4:38 | Queue | Villager (Male) |
| 5:37 | Build | House |
| 5:47 | Queue | Villager (Male) |
| 6:32 | Research | Loom |
| 7:01 | Research | Feudal Age |
| 7:22 | Build | Barracks |
| 8:00 | Build | Palisade Wall |
| 8:13 | Build | Palisade Wall |
| 8:46 | Build | Palisade Wall |
| 9:16 | Age | Feudal Age |
| 9:19 | Build | Stable |
| 9:24 | Build | Stable |
| 9:26 | Build | Palisade Wall |
| 9:26 | Build | Palisade Wall |
| 9:27 | Build | Palisade Wall |
| 9:30 | Queue | Villager (Male) |
| 9:49 | Build | Palisade Wall |
| 9:55 | Queue | Villager (Male) |
| 10:01 | Queue | Villager (Male) |
| 10:11 | Build | Farm |
| 10:32 | Build | Farm |
| 10:33 | Queue | Villager (Male) |
| 10:39 | Build | Palisade Gate |
| 10:49 | Queue | Scout Cavalry |
| 10:49 | Queue | Scout Cavalry |
| 10:50 | Queue | Villager (Male) |
| 10:53 | Build | House |
| 10:54 | Build | House |
| 10:55 | Queue | Villager (Male) |
| 11:10 | Queue | Villager (Male) |
| 11:14 | Build | House |
| 11:15 | Queue | Villager (Male) |
| 11:30 | Queue | Villager (Male) |
| 11:40 | Build | Palisade Wall |
| 11:42 | Queue | Villager (Male) |
| 11:50 | Build | House |
| 11:52 | Build | Farm |
| 12:12 | Build | Palisade Gate |
| 12:13 | Build | House |
| 12:14 | Queue | Villager (Male) |
| 12:18 | Queue | Villager (Male) |
| 12:27 | Queue | Villager (Male) |
| 12:35 | Queue | Scout Cavalry |
| 12:49 | Build | Lumber Camp |
| 12:58 | Build | Palisade Wall |
| 13:04 | Build | House |
| 13:05 | Queue | Villager (Male) |
| 13:10 | Queue | Scout Cavalry |
| 13:22 | Queue | Villager (Male) |
| 13:27 | Queue | Scout Cavalry |
| 13:43 | Queue | Villager (Male) |
| 13:56 | Build | House |
| 13:57 | Queue | Villager (Male) |
| 14:12 | Build | Farm |
| 14:12 | Build | Farm |
| 14:42 | Queue | Villager (Male) |
| 14:49 | Build | Blacksmith |
| 15:00 | Build | House |
| 15:01 | Queue | Villager (Male) |
| 15:02 | Build | Farm |
| 15:13 | Queue | Scout Cavalry |
| 15:24 | Build | Farm |
| 15:25 | Build | Farm |
| 15:28 | Build | Farm |
| 15:29 | Queue | Villager (Male) |
| 15:39 | Queue | Villager (Male) |
| 15:51 | Build | Farm |
| 15:54 | Build | Farm |
| 15:55 | Queue | Villager (Male) |
| 16:06 | Build | House |
| 16:13 | Queue | Scout Cavalry |
| 16:13 | Queue | Scout Cavalry |
| 16:24 | Queue | Villager (Male) |
| 16:30 | Build | House |
| 16:30 | Build | House |
| 16:32 | Queue | Villager (Male) |
| 16:40 | Build | Farm |
| 16:44 | Build | Farm |
| 16:58 | Queue | Villager (Male) |
| 17:02 | Build | Farm |
| 17:21 | Build | Gate |
| 17:24 | Queue | Scout Cavalry |
| 17:24 | Queue | Scout Cavalry |
| 17:33 | Build | House |
| 17:43 | Build | Gate |
| 17:46 | Build | Stone Wall |
| 17:58 | Build | Gate |
| 18:07 | Queue | Villager (Male) |
| 18:10 | Queue | Scout Cavalry |
| 18:10 | Queue | Scout Cavalry |
| 18:14 | Build | Stable |
| 18:15 | Queue | Villager (Male) |
| 18:34 | Queue | Villager (Male) |
| 18:36 | Build | Farm |
| 18:38 | Build | Farm |
| 18:49 | Queue | Villager (Male) |
| 18:58 | Queue | Scout Cavalry |
| 19:08 | Research | Scale Barding Armor |
| 19:09 | Queue | Villager (Male) |
| 19:15 | Queue | Villager (Male) |
| 19:21 | Build | Market |
| 19:23 | Build | Farm |
| 19:24 | Build | Farm |
| 19:28 | Build | Farm |
| 19:28 | Queue | Villager (Male) |
| 19:35 | Queue | Villager (Male) |
| 20:07 | Queue | Villager (Male) |
| 20:10 | Build | House |
| 20:12 | Queue | Villager (Male) |
| 20:16 | Build | Farm |
| 20:16 | Build | Farm |
| 20:17 | Build | Farm |
| 20:17 | Build | Farm |
| 20:19 | Queue | Villager (Male) |
| 20:31 | Queue | Scout Cavalry |
| 20:35 | Queue | Scout Cavalry |
| 20:36 | Research | Horse Collar |
| 21:03 | Queue | Villager (Male) |
| 21:08 | Build | Farm |
| 21:09 | Build | Farm |
| 21:10 | Build | Farm |
| 21:24 | Build | Lumber Camp |
| 21:30 | Queue | Scout Cavalry |
| 21:31 | Queue | Scout Cavalry |
| 21:48 | Build | Mining Camp |
| 21:53 | Build | Palisade Wall |
| 21:57 | Build | Palisade Wall |
| 22:01 | Build | Gate |
| 22:04 | Queue | Villager (Male) |
| 22:10 | Queue | Villager (Male) |
| 22:20 | Queue | Villager (Male) |
Build order — Quando
First 150 of 521 actions detected
| 0:00 | Research | Loom |
| 0:01 | Queue | Villager (Male) |
| 0:02 | Queue | Villager (Male) |
| 0:03 | Build | House |
| 0:07 | Build | House |
| 0:29 | Queue | Villager (Male) |
| 1:25 | Queue | Villager (Male) |
| 2:01 | Build | Lumber Camp |
| 2:07 | Queue | Villager (Male) |
| 2:07 | Queue | Villager (Male) |
| 2:14 | Queue | Villager (Male) |
| 2:31 | Queue | Villager (Male) |
| 3:11 | Queue | Villager (Male) |
| 3:44 | Queue | Villager (Male) |
| 3:48 | Build | House |
| 4:13 | Queue | Villager (Male) |
| 4:35 | Queue | Villager (Male) |
| 5:03 | Queue | Villager (Male) |
| 5:19 | Queue | Villager (Male) |
| 5:32 | Build | Barracks |
| 5:48 | Queue | Villager (Male) |
| 6:02 | Build | House |
| 6:14 | Queue | Villager (Male) |
| 6:43 | Queue | Villager (Male) |
| 7:00 | Research | Feudal Age |
| 7:12 | Build | House |
| 7:25 | Build | Mining Camp |
| 7:42 | Build | Palisade Wall |
| 8:11 | Queue | Villager (Male) |
| 8:41 | Build | Palisade Wall |
| 9:10 | Age | Feudal Age |
| 9:13 | Build | Archery Range |
| 9:16 | Research | Double-Bit Axe |
| 9:30 | Queue | Villager (Male) |
| 9:37 | Build | Archery Range |
| 9:40 | Queue | Villager (Male) |
| 9:51 | Build | Palisade Wall |
| 9:54 | Build | House |
| 10:01 | Queue | Villager (Male) |
| 10:05 | Queue | Archer |
| 10:05 | Queue | Archer |
| 10:38 | Build | Blacksmith |
| 10:45 | Queue | Archer |
| 10:48 | Queue | Villager (Male) |
| 10:54 | Queue | Villager (Male) |
| 10:59 | Queue | Spearman |
| 11:04 | Queue | Archer |
| 11:04 | Queue | Archer |
| 11:21 | Queue | Villager (Male) |
| 11:22 | Queue | Archer |
| 11:29 | Build | Mill |
| 11:29 | Build | Mill |
| 11:34 | Build | Palisade Wall |
| 11:40 | Queue | Archer |
| 11:46 | Build | House |
| 11:48 | Build | House |
| 11:53 | Build | Palisade Wall |
| 11:56 | Queue | Archer |
| 11:57 | Queue | Archer |
| 12:01 | Queue | Villager (Male) |
| 12:20 | Queue | Archer |
| 12:21 | Queue | Archer |
| 12:22 | Queue | Villager (Male) |
| 12:33 | Build | Palisade Wall |
| 12:37 | Queue | Archer |
| 12:43 | Build | Farm |
| 12:45 | Build | Farm |
| 12:57 | Queue | Archer |
| 13:06 | Queue | Spearman |
| 13:13 | Build | Farm |
| 13:23 | Build | Palisade Wall |
| 13:26 | Queue | Villager (Male) |
| 13:27 | Queue | Villager (Male) |
| 13:45 | Build | Farm |
| 13:56 | Queue | Villager (Male) |
| 13:57 | Queue | Archer |
| 13:57 | Queue | Archer |
| 14:20 | Queue | Villager (Male) |
| 14:21 | Build | Farm |
| 14:24 | Build | Farm |
| 14:48 | Queue | Villager (Male) |
| 14:57 | Queue | Archer |
| 14:57 | Queue | Archer |
| 14:58 | Queue | Villager (Male) |
| 15:01 | Build | Farm |
| 15:04 | Build | Farm |
| 15:08 | Queue | Archer |
| 15:09 | Queue | Archer |
| 15:14 | Build | Palisade Wall |
| 15:15 | Build | Palisade Wall |
| 15:18 | Build | Palisade Wall |
| 15:25 | Queue | Archer |
| 15:25 | Queue | Archer |
| 15:29 | Queue | Villager (Male) |
| 15:37 | Build | Farm |
| 15:43 | Build | House |
| 15:44 | Queue | Villager (Male) |
| 15:58 | Build | Farm |
| 16:08 | Research | Fletching |
| 16:10 | Queue | Archer |
| 16:10 | Queue | Archer |
| 16:13 | Build | House |
| 16:28 | Queue | Villager (Male) |
| 16:30 | Build | Farm |
| 16:35 | Build | House |
| 16:39 | Build | Palisade Wall |
| 16:43 | Queue | Villager (Male) |
| 16:47 | Build | House |
| 17:11 | Queue | Villager (Male) |
| 17:16 | Build | Farm |
| 17:18 | Build | Farm |
| 17:20 | Queue | Villager (Male) |
| 17:36 | Queue | Villager (Male) |
| 17:40 | Build | Farm |
| 17:41 | Queue | Villager (Male) |
| 17:50 | Build | House |
| 18:02 | Queue | Archer |
| 18:02 | Queue | Archer |
| 18:26 | Build | Lumber Camp |
| 18:58 | Queue | Villager (Male) |
| 18:59 | Queue | Archer |
| 19:00 | Queue | Archer |
| 19:30 | Research | Castle Age |
| 20:07 | Build | Archery Range |
| 20:12 | Research | Gold Mining |
| 20:14 | Research | Horse Collar |
| 20:29 | Build | Palisade Gate |
| 20:38 | Queue | Archer |
| 20:38 | Queue | Archer |
| 20:39 | Queue | Archer |
| 20:40 | Research | Padded Archer Armor |
| 21:08 | Build | House |
| 21:10 | Build | Market |
| 21:16 | Queue | Archer |
| 21:16 | Queue | Archer |
| 21:20 | Queue | Archer |
| 21:21 | Queue | Archer |
| 21:24 | Build | House |
| 21:42 | Queue | Archer |
| 22:00 | Queue | Archer |
| 22:00 | Queue | Archer |
| 22:10 | Age | Castle Age |
| 22:12 | Build | University |
| 22:16 | Queue | Villager (Male) |
| 22:35 | Build | Town Center |
| 22:39 | Research | Bow Saw |
| 22:42 | Queue | Villager (Male) |
| 22:45 | Research | Crossbowman (upgrade) |
| 22:48 | Research | Bodkin Arrow |
| 22:49 | Queue | Villager (Male) |
Match timeline
| 3:16 | jimmil · wall_segment Palisade Wall x3 |
| 4:39 | Relief · wall_segment Palisade Wall x3 |
| 4:50 | Relief · wall_segment Palisade Wall x2 |
| 5:22 | Relief · wall_segment Palisade Wall x9 |
| 5:32 | Quando · first_building Barracks |
| 6:58 | stroemming14 · first_building Barracks |
| 6:58 | Relief · wall_segment Palisade Wall x9 |
| 7:22 | jimmil · first_building Barracks |
| 7:30 | MEX_Angel_Tj · first_building Barracks |
| 7:42 | Quando · wall_segment Palisade Wall x6 |
| 8:00 | jimmil · wall_segment Palisade Wall x7 |
| 8:13 | jimmil · wall_segment Palisade Wall x4 |
| 8:17 | PJtheDcoy · wall_segment Palisade Wall x1 |
| 8:22 | PJtheDcoy · first_building Barracks |
| 8:41 | Quando · wall_segment Palisade Wall x7 |
| 8:46 | jimmil · wall_segment Palisade Wall x5 |
| 8:49 | PJtheDcoy · wall_segment Palisade Wall x10 |
| 8:49 | Relief · wall_segment Palisade Wall x9 |
| 8:55 | stroemming14 · wall_segment Palisade Wall x3 |
| 9:04 | Fr4ggi · first_building Barracks |
| 9:10 | Quando · age_up feudal |
| 9:11 | PJtheDcoy · wall_segment Palisade Wall x17 |
| 9:13 | Quando · first_building Archery Range |
| 9:16 | jimmil · age_up feudal |
| 9:18 | Relief · wall_segment Palisade Wall x1 |
| 9:19 | jimmil · first_building Stable |
| 9:20 | Burt · first_building Barracks |
| 9:25 | Relief · wall_segment Palisade Wall x7 |
| 9:26 | jimmil · wall_segment Palisade Wall x1 |
| 9:26 | jimmil · wall_segment Palisade Wall x1 |
| 9:27 | MEX_Angel_Tj · age_up feudal |
| 9:27 | jimmil · wall_segment Palisade Wall x1 |
| 9:33 | MEX_Angel_Tj · first_building Archery Range |
| 9:49 | jimmil · wall_segment Palisade Wall x4 |
| 9:51 | Quando · wall_segment Palisade Wall x6 |
| 9:58 | MEX_Angel_Tj · wall_segment Palisade Wall x2 |
| 10:03 | PJtheDcoy · age_up feudal |
| 10:04 | Fr4ggi · age_up feudal |
| 10:06 | PJtheDcoy · first_building Archery Range |
| 10:08 | stroemming14 · age_up feudal |
| 10:10 | stroemming14 · first_building Archery Range |
| 10:12 | Fr4ggi · first_building Stable |
| 10:37 | Relief · first_building Barracks |
| 10:53 | Relief · wall_segment Palisade Wall x9 |
| 11:23 | Burt · age_up feudal |
| 11:27 | Burt · first_building Stable |
| 11:34 | Quando · wall_segment Palisade Wall x1 |
| 11:40 | jimmil · wall_segment Palisade Wall x13 |
| 11:53 | Quando · wall_segment Palisade Wall x1 |
| 12:29 | MEX_Angel_Tj · wall_segment Palisade Wall x11 |
| 12:30 | PJtheDcoy · wall_segment Palisade Wall x6 |
| 12:33 | Quando · wall_segment Palisade Wall x13 |
| 12:37 | Relief · age_up feudal |
| 12:42 | Relief · first_building Stable |
| 12:45 | PJtheDcoy · wall_segment Palisade Wall x14 |
| 12:49 | MEX_Angel_Tj · wall_segment Palisade Wall x7 |
| 12:58 | jimmil · wall_segment Palisade Wall x14 |
| 13:23 | Quando · wall_segment Palisade Wall x4 |
| 14:11 | stroemming14 · wall_segment Palisade Wall x4 |
| 14:25 | PJtheDcoy · wall_segment Palisade Wall x1 |
| 14:55 | PJtheDcoy · wall_segment Palisade Wall x1 |
| 15:14 | Quando · wall_segment Palisade Wall x1 |
| 15:15 | Quando · wall_segment Palisade Wall x1 |
| 15:18 | Quando · wall_segment Palisade Wall x6 |
| 15:28 | stroemming14 · wall_segment Palisade Wall x6 |
| 15:41 | Burt · age_up castle |
| 16:39 | Quando · wall_segment Palisade Wall x5 |
| 16:43 | MEX_Angel_Tj · wall_segment Palisade Wall x1 |
| 17:19 | Relief · age_up castle |
| 17:32 | MEX_Angel_Tj · wall_segment Palisade Wall x5 |
| 17:34 | MEX_Angel_Tj · wall_segment Palisade Wall x3 |
| 17:46 | jimmil · wall_segment Stone Wall x11 |
| 20:05 | Relief · first_building Siege Workshop |
| 21:51 | MEX_Angel_Tj · wall_segment Palisade Wall x4 |
| 21:53 | jimmil · wall_segment Palisade Wall x14 |
| 21:57 | jimmil · wall_segment Palisade Wall x7 |
| 22:08 | Relief · wall_segment Palisade Wall x20 |
| 22:10 | Quando · age_up castle |
| 22:44 | PJtheDcoy · age_up castle |
| 22:48 | Quando · first_market_sell 100 food |
| 22:58 | MEX_Angel_Tj · age_up castle |
| 23:21 | jimmil · first_market_sell 100 wood |
| 23:25 | jimmil · first_market_buy 100 food |
| 23:47 | stroemming14 · age_up castle |
| 24:19 | Fr4ggi · age_up castle |
| 24:49 | stroemming14 · first_market_sell 100 food |
| 26:24 | jimmil · age_up castle |
| 27:14 | PJtheDcoy · wall_segment Stone Wall x1 |
| 28:17 | jimmil · first_building Monastery |
| 29:37 | Quando · first_building Castle |
| 30:18 | Burt · first_building Castle |
| 30:29 | Relief · first_building Monastery |
| 30:56 | PJtheDcoy · first_building Castle |
| 30:59 | stroemming14 · wall_segment Palisade Wall x11 |
| 31:47 | Quando · first_building Monastery |
| 33:10 | stroemming14 · first_building Monastery |
| 34:11 | Quando · first_market_buy 100 food |
| 34:23 | stroemming14 · wall_segment Palisade Wall x9 |
| 34:39 | stroemming14 · first_market_buy 100 stone |
| 34:54 | MEX_Angel_Tj · first_building Castle |
| 35:05 | Burt · age_up imperial |
| 35:39 | Burt · first_building Monastery |
| 37:07 | stroemming14 · age_up imperial |
| 37:31 | Quando · age_up imperial |
| 38:04 | jimmil · wall_segment Stone Wall x9 |
| 38:38 | Relief · wall_segment Palisade Wall x1 |
| 38:46 | Quando · wall_segment Stone Wall x16 |
| 38:50 | Relief · age_up imperial |
| 39:16 | Fr4ggi · wall_segment Stone Wall x1 |
| 39:28 | Quando · first_building Siege Workshop |
| 39:34 | MEX_Angel_Tj · age_up imperial |
| 40:03 | PJtheDcoy · age_up imperial |
| 40:57 | PJtheDcoy · first_market_sell 500 food |
| 41:07 | Fr4ggi · wall_segment Stone Wall x1 |
| 41:15 | stroemming14 · wall_segment Stone Wall x3 |
| 41:54 | Relief · first_building Archery Range |
| 42:01 | Relief · first_building Castle |
| 42:33 | stroemming14 · first_building Castle |
| 42:46 | jimmil · age_up imperial |
| 44:06 | Fr4ggi · wall_segment Palisade Wall x1 |
| 46:07 | jimmil · first_building Siege Workshop |
| 47:21 | Fr4ggi · first_building Siege Workshop |
| 48:35 | PJtheDcoy · first_building Siege Workshop |
| 48:55 | PJtheDcoy · wall_segment Stone Wall x3 |
| 49:30 | Quando · wall_segment Stone Wall x1 |
| 49:35 | Quando · wall_segment Stone Wall x14 |
| 51:41 | jimmil · first_building Castle |
| 52:12 | stroemming14 · wall_segment Stone Wall x1 |
| 52:13 | stroemming14 · wall_segment Stone Wall x1 |
| 52:22 | jimmil · first_building Archery Range |
| 52:27 | Fr4ggi · age_up imperial |
| 54:40 | Relief · resign |
[ AI ANALYSIS · 1 CREDIT ]
What really happened in this match?
Wolo.gg analyzes every decision: build order, eco, micro, common mistakes by bracket. Personalized analysis on WhatsApp or Discord in 30 seconds.
Civ guide
Burgundians
Perfil
Jugador #2141671